 Dungeon Crawl Stone Soup version 0.23-a0-636-g0ff6057 (webtiles) character file.

5720 Lanoc the Protected (level 10, -2/79 HPs)
             Began as a Gnoll Wanderer on Dec 29, 2018.
             Was an Elder of Makhleb.
             Slain by Urug
             ... wielding a +1 scimitar of protection
              (15 damage)
             ... on level 10 of the Dungeon.
             The game lasted 00:29:17 (9778 turns).

Lanoc the Protected (Gnoll Wanderer)                Turns: 9778, Time: 00:29:17

Health: -2/79      AC: 15    Str: 22    XL:     10   Next: 76%
Magic:  18/18      EV: 18    Int: 18    God:    Makhleb [****..]
Gold:   229        SH:  0    Dex: 11    Spells: 18/20 levels left

rFire    . . .     SeeInvis .   v - +4 scimitar (flame)
rCold    . . .     Gourm    .   (no shield)
rNeg     . . .     Faith    .   t - +5 scale mail of Pessimism {rElec Int+4}
rPois    .         Spirit   .   x - +1 helmet
rElec    +         Reflect  .   (no cloak)
rCorr    .         Harm     .   (no gloves)
MR       .....                  (no boots)
Stlth    ++........             B - amulet of magic regeneration
HPRegen  0.23/turn              q - +6 ring of evasion
MPRegen  0.41/turn              s - ring of wizardry

@: no status effects
A: distributed training, fangs 1, strong nose
a: Minor Destruction, Lesser Servant of Makhleb, Major Destruction, Renounce
Religion


You were on level 10 of the Dungeon.
You worshipped Makhleb.
Makhleb was greatly pleased with you.
You were not hungry.

You visited 2 branches of the dungeon, and saw 11 of its levels.
You also visited: Sewer.

You collected 439 gold pieces.
You spent 210 gold pieces at shops.

Inventory:

Hand Weapons
 r - a +0 vampiric spear
 u - a +1 halberd of flaming
 v - a +4 scimitar of flaming (weapon)
 C - a +2 hand axe of freezing
 D - a +0 triple crossbow
Missiles
 e - 186 arrows
 l - 78 sling bullets
Armour
 t - the +5 scale mail of Pessimism (worn) {rElec Int+4}
   (You found it on level 6 of the Dungeon)

   It affects your intelligence (+4).
   It insulates you from electricity.
 x - a +1 helmet (worn)
 y - the +3 scale mail "Wushrim" {Regen+ Str+4}
   (You found it on level 5 of the Dungeon)

   It affects your strength (+4).
   It increases your rate of regeneration.
Jewellery
 b - an uncursed ring of poison resistance
 q - a +6 ring of evasion (left hand)
 s - a ring of wizardry (right hand)
 B - an amulet of magic regeneration (around neck)
Wands
 c - a wand of random effects (6)
 h - a wand of enslavement (11)
 z - a wand of iceblast (15)
Scrolls
 g - a scroll of amnesia
 j - 3 scrolls of magic mapping
 m - a scroll of teleportation
 n - 3 scrolls of remove curse
 o - 3 scrolls of blinking
 w - 3 scrolls of fear
 A - 3 scrolls of identify
 E - a scroll of immolation {unknown}
Potions
 f - 5 potions of brilliance
 i - 2 potions of ambrosia
 k - 6 potions of curing
 p - a potion of agility
Comestibles
 a - 3 chunks of flesh
 d - 15 rations


   Skills:
 + Level 7.2 Fighting
 + Level 6.1 Short Blades
 + Level 5.5 Long Blades
 + Level 5.5 Axes
 + Level 5.5 Maces & Flails
 + Level 5.5 Polearms
 + Level 5.5 Staves
 + Level 5.5 Slings
 + Level 6.1 Bows
 + Level 5.5 Crossbows
 + Level 5.5 Throwing
 + Level 8.6 Armour
 + Level 5.5 Dodging
 + Level 6.0 Stealth
 + Level 5.5 Shields
 + Level 5.5 Unarmed Combat
 + Level 5.5 Spellcasting
 + Level 4.5 Conjurations
 + Level 4.5 Hexes
 + Level 4.5 Charms
 + Level 4.5 Summonings
 + Level 4.5 Necromancy
 + Level 4.5 Translocations
 + Level 4.5 Transmutations
 + Level 4.5 Fire Magic
 + Level 4.5 Ice Magic
 + Level 4.5 Air Magic
 + Level 4.5 Earth Magic
 + Level 4.5 Poison Magic
 + Level 6.0 Invocations
 + Level 7.2 Evocations


You had 18 spell levels left.
You knew the following spells:

 Your Spells              Type           Power        Failure   Level  Hunger
a - Sticks to Snakes      Tmut           ###.....     2%          2    #......

Your spell library contained the following spells:

 Spells                   Type           Power        Failure   Level  Hunger
 Beastly Appendage        Tmut           ###...       1%          1    None
 Confusing Touch          Hex            ###...       1%          1    None
 Freeze                   Ice            ###.         1%          1    None
 Throw Frost              Conj/Ice       ###...       2%          2    #......
 Confuse                  Hex            ###.....     5%          3    ##.....
 Gell's Gravitas          Tloc           ###.......   5%          3    ##.....
 Ozocubu's Armour         Chrm/Ice       ###.....     5%          3    ##.....
 Spider Form              Tmut/Pois      ###.......   5%          3    ##.....
 Ice Form                 Ice/Tmut       ###.....     17%         4    ####...
 Petrify                  Tmut/Erth      ###.....     17%         4    ####...
 Summon Ice Beast         Ice/Summ       ###.....     17%         4    ####...
 Throw Icicle             Conj/Ice       ###.....     17%         4    ####...
 Blade Hands              Tmut           ###.......   43%         5    ######.
 Metabolic Englaciation   Hex/Ice        ###.......   43%         5    ######.
 Yara's Violent Unravell  Hex/Tmut       ###.......   43%         5    ######.


Dungeon Overview and Level Annotations

Branches:
Dungeon (10/15)            Temple (1/1) D:7
   Lair: D:8-11         Orc: D:9-12

Altars:
Ashenzari
Cheibriados
Dithmenos
Elyvilon
Fedhas
Gozag
Hepliaklqana
Kikubaaqudgha
Makhleb
Nemelex Xobeh
Okawaru
Qazlal
Ru
Sif Muna
Trog
Uskayaw
Vehumet
Wu Jian
Xom
Yredelemnul
Zin
The Shining One
Lugonu

Shops:
D:6 !

Annotations:
D:10 Urug


Innate Abilities, Weirdness & Mutations

Your experience applies equally to all skills.
You have very sharp teeth.
Your uncanny sense of smell can sniff out nearby items.


Message History

You are too injured to fight recklessly!
You slash Urug! You burn Urug.
Urug is severely wounded.
Urug hits you with a +1 scimitar of protection.
You hit Urug. You punch Urug.
Urug is almost dead.
Urug hits you but does no damage.
You barely miss Urug. You bite Urug, but do no damage.
Urug is almost dead.
Urug hits you but does no damage.
You hit Urug but do no damage.
Urug is almost dead.
Urug hits you with a +1 scimitar of protection!!
* * * LOW HITPOINT WARNING * * *
You barely miss Urug.
Urug is almost dead.
You hit Urug but do no damage.
Urug is almost dead.
Urug hits you with a +1 scimitar of protection!
You die...

#.##......##......
#.##......##...#..
#.##......##...#..
#.##......##...#..
#.##......##...#..
#.##......##...#..
#.##...รท..##...#..
#o##......##...#..
#@##......##...#..
#.##......##...#..
#.##......##...#..
#.##......##...#..
#.........##......
#.........##..###.
#....##..>##..# #.
#....##...##..# #.
#....##...##..# #.


You could see Urug.

Vanquished Creatures
  Erica (D:9)
  A gargoyle (D:10)
  A troll (D:9)
  A hornet (D:7)
  2 hippogriffs
  Sigmund (D:3)
  A steam dragon (D:9)
  A hungry ghost (D:10)
  3 orc warriors
  An ice beast (D:10)
  Purgy (D:3)
  3 sky beasts
  2 phantoms
  An eye of draining (D:8)
  5 ogres
  3 big kobolds
  A gnoll sergeant (D:10)
  5 bullfrogs
  A scorpion (D:8)
  A howler monkey (D:7)
  A bullfrog zombie (D:9)
  3 crimson imps
  A quasit (D:9)
  2 hounds
  A jelly (D:9)
  4 orc priests
  3 centaur skeletons
  2 iguanas
  5 orc wizards
  5 worker ants
  A hound skeleton (D:9)
  A worker ant zombie (D:8)
  7 gnolls
  A river rat (D:4)
  14 adders
  A shadow imp (D:6)
  An ooze (D:1)
  An adder zombie (D:5)
  3 worms
  3 dart slugs
  3 leopard geckos
  33 orcs
  8 bats
  2 giant cockroaches (D:3)
  6 goblins
  6 hobgoblins
  19 jackals
  6 quokkas
  4 ball pythons
  9 frilled lizards
  A jackal zombie (D:5)
  29 kobolds
  A leopard gecko zombie (D:5)
  A quokka skeleton (D:3)
  3 rats
  6 plants
233 creatures vanquished.

Vanquished Creatures (others)
  A centaur (D:9)
  A ball python (D:4)
  A plant (Sewer)
3 creatures vanquished.

Grand Total: 236 creatures vanquished

Notes
Turn   | Place    | Note
-------+----------+-------------------------------------------
     0 | D:1      | Lanoc the Gnoll Wanderer began the quest for the Orb.
     0 | D:1      | Lanoc set off with the following items: a +2 short sword, a
                  | +0 ring mail, a wand of random effects (15), a ration
     0 | D:1      | Reached XP level 1. HP: 20/20 MP: 3/3
    80 | D:1      | Reached XP level 2. HP: 7/26 MP: 5/5
   512 | D:1      | Reached XP level 3. HP: 27/31 MP: 6/6
  1106 | D:1      | Reached skill level 1 in Invocations
  1275 | D:2      | Reached skill level 1 in Long Blades
  1275 | D:2      | Reached skill level 1 in Axes
  1275 | D:2      | Reached skill level 1 in Maces & Flails
  1275 | D:2      | Reached skill level 1 in Polearms
  1275 | D:2      | Reached skill level 1 in Staves
  1275 | D:2      | Reached skill level 1 in Slings
  1275 | D:2      | Reached skill level 1 in Crossbows
  1275 | D:2      | Reached skill level 1 in Throwing
  1275 | D:2      | Reached skill level 1 in Dodging
  1275 | D:2      | Reached skill level 1 in Shields
  1275 | D:2      | Reached skill level 1 in Unarmed Combat
  1275 | D:2      | Reached skill level 1 in Spellcasting
  1275 | D:2      | Reached XP level 4. HP: 38/38 MP: 7/7
  1682 | D:3      | Found a radiant altar of Vehumet.
  1705 | D:3      | Found a white marble altar of Elyvilon.
  1706 | D:3      | Found a stormy altar of Qazlal.
  1706 | D:3      | Found a hide-covered altar of Uskayaw.
  1706 | D:3      | Found a burning altar of Makhleb.
  1708 | D:3      | Found a sparkling altar of Nemelex Xobeh.
  1710 | D:3      | Found an iron altar of Okawaru.
  1715 | D:3      | Became a worshipper of Makhleb the Destroyer
  1831 | D:3      | Reached skill level 1 in Conjurations
  1831 | D:3      | Reached skill level 1 in Hexes
  1831 | D:3      | Reached skill level 1 in Charms
  1831 | D:3      | Reached skill level 1 in Summonings
  1831 | D:3      | Reached skill level 1 in Necromancy
  1831 | D:3      | Reached skill level 1 in Translocations
  1831 | D:3      | Reached skill level 1 in Transmutations
  1831 | D:3      | Reached skill level 1 in Fire Magic
  1831 | D:3      | Reached skill level 1 in Ice Magic
  1831 | D:3      | Reached skill level 1 in Air Magic
  1831 | D:3      | Reached skill level 1 in Earth Magic
  1831 | D:3      | Reached skill level 1 in Poison Magic
  1942 | D:3      | Noticed Purgy
  1948 | D:3      | Killed Purgy
  1948 | D:3      | Reached XP level 5. HP: 43/43 MP: 8/8
  2359 | D:3      | Noticed Sigmund
  2373 | D:3      | Killed Sigmund
  2373 | D:3      | Reached skill level 5 in Fighting
  2373 | D:3      | Reached skill level 5 in Evocations
  2373 | D:3      | Reached XP level 6. HP: 40/51 MP: 9/9
  2577 | D:4      | Found a glowing silver altar of Zin.
  2707 | D:4      | Found a glowing drain.
  2726 | Sewer    | Entered a sewer
  2959 | Sewer    | Reached * piety under Makhleb
  2959 | Sewer    | Reached XP level 7. HP: 51/56 MP: 10/10
  3891 | D:4      | Found a snail-covered altar of Cheibriados.
  4243 | D:5      | Entered Level 5 of the Dungeon
  4265 | D:5      | Found an iron altar of Okawaru.
  4300 | D:5      | Reached skill level 7 in Armour
  4309 | D:5      | Found a bloodstained altar of Trog.
  4548 | D:5      | Got a twisted scale mail
  4559 | D:5      | Identified the +3 scale mail "Wushrim" {Regen+ Str+4} (You
                  | found it on level 5 of the Dungeon)
  4944 | D:5      | Reached ** piety under Makhleb
  5439 | D:6      | Reached XP level 8. HP: 63/63 MP: 12/12
  5731 | D:6      | Found Aplirghai's Distillery.
  5734 | D:6      | Bought a potion of curing for 42 gold pieces
  5734 | D:6      | Bought a potion of ambrosia for 112 gold pieces
  5734 | D:6      | Bought a potion of agility for 56 gold pieces
  5753 | D:6      | Found a basalt altar of Yredelemnul.
  6091 | D:6      | Got a fine scale mail
  6102 | D:6      | Identified the +5 scale mail of Pessimism {rElec Int+4}
                  | (You found it on level 6 of the Dungeon)
  6315 | D:7      | Noticed a hornet
  6321 | D:7      | Paralysed by a hornet for 2 turns
  6330 | D:7      | Killed a hornet
  6601 | D:7      | Learned a level 2 spell: Sticks to Snakes
  6650 | D:7      | Reached XP level 9. HP: 64/69 MP: 14/14
  6931 | D:7      | Found a staircase to the Ecumenical Temple.
  6938 | Temple   | Entered the Ecumenical Temple
  7526 | D:8      | Found a sacrificial altar of Ru.
  7526 | D:8      | Found an ornate altar of the Wu Jian Council.
  7988 | D:9      | Reached *** piety under Makhleb
  7988 | D:9      | Reached skill level 5 in Short Blades
  7988 | D:9      | Reached skill level 5 in Bows
  7990 | D:9      | Reached skill level 5 in Stealth
  8212 | D:9      | Noticed Erica
  8281 | D:9      | Killed Erica
  8281 | D:9      | Reached skill level 8 in Armour
  8281 | D:9      | Reached skill level 5 in Invocations
  8281 | D:9      | Reached XP level 10. HP: 77/77 MP: 15/17
  8907 | D:10     | Entered Level 10 of the Dungeon
  8907 | D:10     | Noticed a gargoyle
  8909 | D:10     | Noticed Urug
  9007 | D:10     | Reached skill level 5 in Long Blades
  9007 | D:10     | Reached skill level 5 in Axes
  9007 | D:10     | Reached skill level 5 in Maces & Flails
  9007 | D:10     | Reached skill level 5 in Polearms
  9007 | D:10     | Reached skill level 5 in Staves
  9007 | D:10     | Reached skill level 5 in Slings
  9007 | D:10     | Reached skill level 5 in Crossbows
  9007 | D:10     | Reached skill level 5 in Throwing
  9007 | D:10     | Reached skill level 5 in Dodging
  9007 | D:10     | Reached skill level 5 in Shields
  9007 | D:10     | Reached skill level 5 in Unarmed Combat
  9007 | D:10     | Reached skill level 5 in Spellcasting
  9308 | D:10     | Killed a gargoyle
  9321 | D:10     | Noticed a green ugly thing
  9650 | D:10     | Reached **** piety under Makhleb
  9778 | D:10     | Slain by Urug

Vault maps used:
D:1:      scummos_arrival_forest, serial_forest, infiniplex_forest_end_3,
          infiniplex_forest_clump_diagonal, infiniplex_forest_clump_large,
          infiniplex_forest_side_room, infiniplex_forest_zigzag_1,
          infiniplex_forest_lined_4_way, grunt_decor_mini_mirrors
D:3:      minmay_inner_zag, minitemple, uniq_purgy, uniq_sigmund
D:4:      kennysheep_slug_shrine, zin_treasury, serial_bayou,
          serial_bayou_crossing, serial_bayou_pond_d, serial_bayou_pond_d,
          serial_bayou_lagoon_b, portal_sewer_entry_a
D:5:      bloody_trog, basic_altar, first_ration
D:6:      nicolae_overflow_hidden_temple, serial_shops, kennysheep_mini
D:7:      minmay_temple_entry_fiery
D:8:      gammafunk_temple_overflow_wave
D:9:      uniq_erica
D:10:     erik_orc_4, uniq_urug
Temple:   corrupted_temple
Sewer:    sewer_co_scattered_pipes

Skill      XL: |  1  2  3  4  5  6  7  8  9 10 |
---------------+-------------------------------+-----
Invocations    | 1 2 3 4 5 6 |  6.0
Long Blades    | 1 2 3 4 5 |  5.5
Axes           | 1 2 3 4 5 |  5.5
Maces & Flails | 1 2 3 4 5 |  5.5
Polearms       | 1 2 3 4 5 |  5.5
Staves         | 1 2 3 4 5 |  5.5
Slings         | 1 2 3 4 5 |  5.5
Crossbows      | 1 2 3 4 5 |  5.5
Throwing       | 1 2 3 4 5 |  5.5
Dodging        | 1 2 3 4 5 |  5.5
Shields        | 1 2 3 4 5 |  5.5
Unarmed Combat | 1 2 3 4 5 |  5.5
Spellcasting   | 1 2 3 4 5 |  5.5
Conjurations   | 1 2 3 4 |  4.5
Hexes          | 1 2 3 4 |  4.5
Charms         | 1 2 3 4 |  4.5
Summonings     | 1 2 3 4 |  4.5
Necromancy     | 1 2 3 4 |  4.5
Translocations | 1 2 3 4 |  4.5
Transmutations | 1 2 3 4 |  4.5
Fire Magic     | 1 2 3 4 |  4.5
Ice Magic      | 1 2 3 4 |  4.5
Air Magic      | 1 2 3 4 |  4.5
Earth Magic    | 1 2 3 4 |  4.5
Poison Magic   | 1 2 3 4 |  4.5
Short Blades   | 3 4 5 6 |  6.1
Bows           | 3 4 5 6 |  6.1
Fighting       | 5 6 7 |  7.2
Stealth        | 3 4 5 6 |  6.0
Evocations     | 5 6 7 |  7.2
Armour         | 7 8 |  8.6

Action                   |  1- 3 |  4- 6 |  7- 9 | 10-12 || total
-------------------------+-------+-------+-------+-------++-------
Melee: Short sword       |   184 |   137 |   684 |       ||  1005
       Bite              |    30 |    18 |    99 |    29 ||   176
       Punch             |     1 |     1 |     8 |     2 ||    12
       Flail             |       |    25 |       |       ||    25
       Hand axe          |       |       |    95 |       ||    95
       Scimitar          |       |       |       |   173 ||   173
Evoke: Wand              |       |     8 |     1 |       ||     9
  Use: Scroll            |       |     3 |    12 |       ||    15
       Potion            |       |       |     9 |     1 ||    10
 Stab: Sleeping          |     1 |       |       |       ||     1
       Invisible         |       |       |     1 |       ||     1
  Eat: Chunk             |     1 |    13 |    22 |     1 ||    37
Armor: Ring mail         |    41 |    21 |       |       ||    62
       Plate armour      |       |    34 |    47 |       ||    81
       Scale mail        |       |       |   134 |    71 ||   205
Dodge: Dodged            |    61 |   117 |   425 |   209 ||   812
       Rpst.: Scimitar   |       |       |       |    52 ||    52

Table legend:
 A = Non-vault XP
 B = Vault XP
 C = Vault XP percentage of total XP
 D = Non-vault monster count
 E = Vault monster count
 F = Vault count percentage of total count
                 A         B        C        D         E       F
            +---------+---------+-------+---------+---------+-------
      Total |    6525 |    1647 |  20.2 |     181 |      47 |  20.6
            +---------+---------+-------+---------+---------+-------
        D:1 |      58 |       0 |   0.0 |      23 |       0 |   0.0
        D:2 |      38 |       0 |   0.0 |      13 |       0 |   0.0
        D:3 |      68 |     336 |  83.2 |      17 |       5 |  22.7
        D:4 |      67 |      38 |  36.2 |       6 |       5 |  45.5
        D:5 |     404 |       0 |   0.0 |      18 |       0 |   0.0
        D:6 |     729 |       0 |   0.0 |      22 |       0 |   0.0
        D:7 |     825 |       0 |   0.0 |      11 |       0 |   0.0
        D:8 |     484 |       0 |   0.0 |      10 |       0 |   0.0
        D:9 |    1411 |     934 |  39.8 |      27 |       1 |   3.6
       D:10 |    2441 |     263 |   9.7 |      34 |      10 |  22.7
      Sewer |       0 |      76 | 100.0 |       0 |      26 | 100.0
            +---------+---------+-------+---------+---------+-------
